 Dungeon Crawl Stone Soup version 0.31-a0-1178-gc5c9b8f871 (webtiles) character file.

Game seed: 12405180428835754687

235904 Pooter the Executioner (level 18, -1/172 HPs)
             Began as a Minotaur Berserker on Dec 9, 2023.
             Was a High Priest of Trog.
             Slain by a merfolk impaler
             ... wielding a +1 demon trident of freezing
              (2 damage)
             ... on level 4 of the Shoals on Dec 11, 2023.
             The game lasted 03:33:27 (60721 turns).

Pooter the Executioner (Minotaur Berserker)        Turns: 60721, Time: 03:33:28

Health: -1/172     AC: 28    Str: 33    XL:     18   Next: 92%
Magic:  17/17      EV:  9    Int:  4    God:    Trog [*****.]
Gold:   992        SH:  5    Dex:  8    Spells: 17/17 levels left

rFire   . . .        a - +3 executioner's axe (flame)
rCold   + . .        (shield currently unavailable)
rNeg    . . .        X - +3 crystal plate armour {rC+}
rPois   +            (helmet restricted)
rElec   .            W - scarf {repulsion}
rCorr   .            o - +2 pair of gloves
SInv    +            (no boots)
Will    +....        T - amulet of reflection Stlth
                     d - ring of the Tempest {Str+5 Dex-2 SInv}
HPRegen 0.48/turn    Z - ring of the Scavenger {Will+ Slay+4}
MPRegen 0.15/turn

%: repel missiles, reflection
@: lethally poisoned (-1 -> -8), weak-willed, mesmerised, studying Short Blades
A: horns 2, retaliatory headbutt, dopey 1, poison resistance
}: 1/15 runes: serpentine
a: Renounce Religion, Berserk, Trog's Hand, Brothers in Arms


You were on level 4 of the Shoals.
You worshipped Trog.
Trog was extremely pleased with you.
You visited 5 branches of the dungeon, and saw 29 of its levels.
You also visited: Sewer and Ice Cave.

You collected 2894 gold pieces.
You spent 1902 gold pieces at shops.

Inventory:

Hand Weapons
 a - a +3 executioner's axe of flaming (weapon)
   (Trog gifted it to you on level 1 of the Snake Pit)
 b - a +4 arbalest of draining
   (You bought it in a shop on level 4 of the Dungeon)
 H - a +5 antimagic battleaxe
   (Trog gifted it to you on level 11 of the Dungeon)
Missiles
 e - 8 javelins
 v - 10 silver javelins
 y - 19 boomerangs (quivered)
 F - 5 curare-tipped darts
Armour
 c - a +3 plate armour of poison resistance
   (You found it on level 1 of the Snake Pit)
 o - a +2 pair of gloves (worn)
   (You found it on level 3 of the Dungeon)
 A - a +2 cloak of stealth
   (You found it on level 2 of the Snake Pit)
 I - the +2 fire dragon scales of Qauneok {rF++ rC- Dex+5}
   (You found it on level 9 of the Dungeon)

   Dex+5:     It affects your dexterity (+5).
   rF++:      It greatly protects you from fire.
   rC-:       It makes you vulnerable to cold.
 W - a scarf of repulsion (worn)
   (You found it on level 7 of the Dungeon)
 X - a +3 crystal plate armour of cold resistance (worn)
   (You found it in an ice cave)
Jewellery
 d - the ring of the Tempest (left hand) {Str+5 Dex-2 SInv}
   (You found it on level 1 of the Snake Pit)

   [ring of see invisible]

   Str+5:     It affects your strength (+5).
   Dex-2:     It affects your dexterity (-2).
   SInv:      It lets you see invisible.
 k - a ring of fire
   (You found it on level 5 of the Dungeon)
 w - a +6 ring of dexterity
   (You found it on level 6 of the Dungeon)
 C - a ring of resist corrosion
   (You found it on level 4 of the Dungeon)
 L - a ring of ice
   (You found it on level 8 of the Dungeon)
 M - a ring of willpower
   (You found it on level 2 of the Shoals)
 O - a +6 ring of strength
   (You found it on level 9 of the Dungeon)
 T - an amulet of reflection (around neck)
   (You bought it in a shop on level 4 of the Snake Pit)
 Z - the ring of the Scavenger (right hand) {Will+ Slay+4}
   (You found it on level 4 of the Lair of Beasts)

   [ring of slaying]

   Slay+4:    It affects your accuracy & damage with ranged weapons and melee
   (+4).
   Will+:     It increases your willpower.
Wands
 f - a wand of flame (39)
   (You found it on level 10 of the Dungeon)
 l - a wand of polymorph (13)
   (You found it on level 5 of the Lair of Beasts)
 x - a wand of acid (7)
   (You found it on level 5 of the Dungeon)
 B - a wand of roots (33)
   (You found it on level 10 of the Dungeon)
 D - a wand of digging (8)
   (You found it in an ice cave)
 P - a wand of mindburst (8)
   (You found it on level 1 of the Lair of Beasts)
 V - a wand of charming (4)
   (You found it in an ice cave)
Scrolls
 g - a scroll of blinking
 i - a scroll of torment {!r}
 j - 2 scrolls of poison
 n - 6 scrolls of noise {!r}
 p - a scroll of silence
 r - 2 scrolls of butterflies
 t - 7 scrolls of teleportation {@r4}
 u - 5 scrolls of fog
 z - 6 scrolls of vulnerability {!r}
 K - a scroll of immolation {!r}
 S - 6 scrolls of revelation
Potions
 h - 3 potions of enlightenment
 m - 16 potions of curing {@q1}
 q - 3 potions of resistance
 s - 2 potions of might
 E - 3 potions of haste {@q3}
 J - 6 potions of attraction {!q}
 N - 3 potions of cancellation
 R - 5 potions of heal wounds {@q2}
 U - 6 potions of mutation {!q}
Miscellaneous
 G - a box of beasts
   (You found it on level 3 of the Snake Pit)
 Q - a tin of tremorstones (inert)
   (You found it on level 13 of the Dungeon)
 Y - a phial of floods
   (You found it in an ice cave)


   Skills:
 + Level 18.1 Fighting
 * Level 22.2 Axes
 - Level 18.0 Ranged Weapons
 - Level 6.5 Throwing
 * Level 12.7 Armour
 + Level 10.7 Dodging
 + Level 9.2 Evocations


You had 17 spell levels left.
You didn't know any spells.
Your spell library was empty.

Dungeon Overview and Level Annotations

Branches:
Dungeon (15/15) Zot: 24336  Temple (0/1) D:4            Lair (5/5) D:10 Zot: 18676
 Shoals (4/4) Lair:3 Zot: 16805   Snake (4/4) Lair:3 Zot: 6893   Slime (0/5) Lair:4
    Orc (1/2) D:9 Zot: 5978  Vaults (0/5) D:14         Depths (0/4) D:15
  Sewer (visited)           IceCv (visited)

Altars:
Cheibriados
Elyvilon
Gozag
Hepliaklqana
Kikubaaqudgha
Nemelex Xobeh
Ru
Trog
Vehumet
Zin
The Shining One
Jiyva

Shops:
D:4 (   Shoals:1 [=!*   Shoals:2 *   Shoals:3 :   Snake:1 *[*((   Snake:3 **[:
Snake:4 [*?=

Annotations:
Shoals:3 Roxanne


Innate Abilities, Weirdness & Mutations

You have a pair of horns on your head.
You reflexively headbutt those who attack you in melee.
You are dopey. (Int -2)
Your system is resistant to poisons. (rPois)


Message History

The faun shoots a sling bullet.
The sling bullet hits you!
* * * LOW HITPOINT WARNING * * *
Unknown command.
You miss the merfolk impaler.
Your headbutt misses the merfolk impaler.
You closely miss the merfolk impaler. You slash the plant! You burn the plant.
You feel very sick. The merfolk impaler barely misses you.
The merfolk siren chants its luring song.
The merfolk impaler hits you with a +0 trident of venom.
* * * LOW HITPOINT WARNING * * *
The manticore flicks its tail.
The volley of spikes misses you.
You slice the merfolk impaler!! You burn the merfolk impaler.
You hit the merfolk impaler. You burn the merfolk impaler. You slash the plant!
You burn the plant!
You feel very sick.
The faun shoots a sling bullet.
The sling bullet hits you but does no damage.
The merfolk impaler hits you but does no damage.
The merfolk impaler hits you with a +0 trident of venom!
* * * LOW HITPOINT WARNING * * *
The merfolk impaler hits you with a +1 demon trident of freezing!
* * * LOW HITPOINT WARNING * * *
The merfolk impaler freezes you.
* * * LOW HITPOINT WARNING * * *
Unknown command.
You closely miss the merfolk impaler.
Your headbutt misses the merfolk impaler.
You miss the merfolk impaler. You slash the plant! You burn the plant.
You feel very sick. The merfolk impaler barely misses you.
The manticore flicks its tail.
The volley of spikes hits you but does no damage.
The faun shoots a sling bullet.
The sling bullet barely misses you.
The merfolk impaler hits you with a +1 demon trident of freezing.
* * * LOW HITPOINT WARNING * * *
The merfolk impaler closely misses you.
You closely miss the merfolk impaler.
Your headbutt misses the merfolk impaler.
You slice the merfolk impaler!! You burn the merfolk impaler.
You kill the merfolk impaler!
Trog accepts your kill.
You slash the plant! You burn the plant.
You feel sick.
A nearby plant withers and dies.
The merfolk siren chants its luring song.
The merfolk impaler hits you with a +1 demon trident of freezing!
* * * LOW HITPOINT WARNING * * *
The merfolk impaler freezes you.
You die... ~........~##~.# P.P......~~~#.P. ~~.P.............. ##~................
PP.................

..P~~PP............
...~~.......c......
~.~~~.......)......
##P~...H.@...~....
#~~~~..)[m).......
.#P~~~.).÷.....~~~~
PPP..~..<[m...~~~≈≈
#...........~~~≈≈≈≈
.........([~~~≈≈≈≈≈
.....(..~~~(≈≈≈≈≈≈≈
.......~~≈≈≈≈≈≈≈≈≈
......~~≈≈≈≈≈≈≈≈≈


You could see a merfolk impaler, a faun, a manticore and a merfolk siren
(mesmerising, drained).

Vanquished Creatures
  Mara (Shoals:3)
  Nikola (Shoals:2)
  Mlioglotl (Lair:3)
  The ghost of Unna the Dealer of Despair, an adept DsNe of Kikubaaqudgha (Snake:4)
  Frances (D:12)
  3 nagarajas
  Aizul (Snake:3)
  2 frost giants (Shoals:3)
  A fire giant (D:15)
  The ghost of Wastoufi the Bludgeoner, an adept GrFi of Okawaru (Snake:1)
  4 merfolk impalers
  Josephine (D:15)
  8 hydras
  Fannar (D:12)
  A great orb of eyes (D:12)
  Erolcha (D:12)
  8 salamander tyrants
  An ogre mage (D:15)
  2 alligator snapping turtles
  2 death knights
  3 merfolk avatars
  2 vault guards (D:14)
  5 catoblepae
  14 anacondas
  2 merfolk aquamancers
  5 boulder beetles
  2 two-headed ogres
  6 centaur warriors
  A deep troll earth mage (D:15)
  18 death yaks
  8 naga warriors
  10 shock serpents
  Urug (Lair:4)
  9 naga sharpshooters
  A deep elf knight (D:12)
  6 skysharks
  A fire crab (Lair:5)
  8 sea snakes
  A skeletal warrior (D:15)
  7 salamander mystics
  A deep troll (Snake:1)
  A kraken simulacrum (Shoals:3)
  5 lindwurms (Snake:4)
  2 naga ritualists
  2 bog bodies (IceCv)
  A glowing orange brain (D:14)
  2 necromancers (D:14)
  2 harpies (shapeshifter) (D:14)
  3 arcanists (D:14)
  3 deep elf pyromancers
  15 ugly things
  4 harpies (Shoals:2)
  8 fauns
  11 mana vipers
  An oklob plant (Lair:3)
  7 cyclopes
  17 salamanders
  14 manticores
  32 black mambas
  5 elephants (Lair:5)
  An ice statue (IceCv)
  5 guardian serpents (Snake:4)
  5 merfolk sirens
  14 naga magi
  5 water nymphs
  An eye of devastation (shapeshifter) (D:14)
  20 cane toads
  A torpor snail (Lair:2)
  5 gargoyles
  A black mamba (shapeshifter) (D:14)
  A rime drake (Lair:5)
  An unseen horror (D:10)
  5 komodo dragons
  3 efreet
  A tengu conjurer (D:15)
  2 ice devils (Lair:3)
  A spectral salamander (Snake:1)
  A freezing wraith (D:12)
  An anaconda simulacrum (IceCv)
  12 merfolk
  2 wind drakes
  7 trolls
  A polar bear (shapeshifter) (D:14)
  A queen bee (D:12)
  A troll (shapeshifter) (D:15)
  3 polar bears
  6 dream sheep
  A tarantella (shapeshifter) (D:14)
  29 blink frogs
  7 snapping turtles
  3 shadows
  2 spectral black mambas (Snake:1)
  7 centaur simulacra
  3 vampires (D:9)
  18 slime creatures
  A shock serpent simulacrum (Snake:1)
  A yak (shapeshifter) (D:12)
  10 water elementals
  6 fire bats (D:9)
  A dire elephant simulacrum (IceCv)
  63 yaks
  7 wraiths
  4 wyverns
  2 neqoxecs (D:14)
  2 basilisks
  2 steam dragons
  17 humans (D:14)
  2 vampire mosquitoes (D:13)
  2 alligator snapping turtle simulacra (Shoals:3)
  4 death yak simulacra
  A redback simulacrum (D:7)
  A warg (D:9)
  A harpy simulacrum (IceCv)
  2 hydra simulacra (IceCv)
  A warg (shapeshifter) (D:14)
  24 nagas
  13 water moccasins
  A water moccasin (shapeshifter) (D:14)
  4 ice beasts
  A sky beast (D:6)
  3 black bears
  A spectral naga (Snake:1)
  Pargi (Sewer)
  6 orc warriors
  A satyr simulacrum (Shoals:3)
  2 ogres (D:9)
  A black mamba simulacrum (Snake:1)
  8 wolves
  13 centaurs
  2 phantoms
  3 kobold brigands
  17 bullfrogs
  A brain worm (Sewer)
  5 merfolk simulacra (Shoals:3)
  6 gnoll sergeants (D:9)
  4 scorpions
  6 two-headed ogre simulacra (IceCv)
  2 faun simulacra (Shoals:3)
  5 cane toad simulacra (IceCv)
  12 wights
  3 manticore simulacra (Shoals:3)
  3 snapping turtle simulacra (Shoals:3)
  5 killer bees (D:10)
  2 elephant simulacra (IceCv)
  A howler monkey (D:12)
  2 electric eels (Snake:1)
  9 jellies
  2 hounds
  2 orc priests
  Crazy Yiuf (D:3)
  A cyclops simulacrum (Shoals:3)
  4 gnoll boudas
  3 iguanas
  11 orc wizards
  A sleepcap (D:5)
  7 hell rats (Lair:5)
  3 troll simulacra (IceCv)
  2 polar bear simulacra (IceCv)
  3 spriggan simulacra (IceCv)
  2 wolf simulacra (IceCv)
  21 gnolls
  11 adders
  4 naga simulacra (IceCv)
  A shadow imp (D:7)
  8 white imps
  10 ufetubi
  4 worms
  The ghost of Caupytet the Shield-Bearer, a weakling FoFi (D:14)
  3 dart slugs
  35 orcs
  5 ball pythons
  5 bats
  12 endoplasms
  8 giant cockroaches
  5 hobgoblins
  5 quokkas
  6 frilled lizards
  8 goblins
  26 kobolds
  A rat (D:2)
  A spectral weapon (Snake:3)
984 creatures vanquished.

Vanquished Creatures (collateral kills)
  A naga warrior (Snake:1)
  A spectral shock serpent (Snake:1)
  A spectral black mamba (Snake:1)
  A spectral salamander (Snake:1)
  A spectral naga (Snake:1)
5 creatures vanquished.

Vanquished Creatures (others)
  4 slime creatures (D:15)
  A naga (Snake:2)
  An orc wizard (D:6)
6 creatures vanquished.

Grand Total: 995 creatures vanquished

Notes
Turn   | Place    | Note
-------+----------+-------------------------------------------
     0 | D:1      | Pooter the Minotaur Berserker began the quest for the Orb.
     0 | D:1      | Reached XP level 1. HP: 19/19 MP: 0/0
    43 | D:1      | Reached skill level 4 in Axes
   195 | D:1      | Reached XP level 2. HP: 27/27 MP: 1/1
   531 | D:1      | Reached ** piety under Trog
   605 | D:1      | Reached XP level 3. HP: 33/33 MP: 2/2
   902 | D:2      | Reached skill level 5 in Axes
  1140 | D:2      | You fall into a shaft and drop 2 floors!
  1217 | D:4      | Reached XP level 4. HP: 38/41 MP: 3/3
  1427 | D:3      | Found a faded altar of an unknown god.
  1897 | D:3      | Reached skill level 5 in Fighting
  1897 | D:3      | Reached skill level 6 in Axes
  1897 | D:3      | Reached XP level 5. HP: 48/48 MP: 4/4
  1933 | D:3      | Identified the +2 robe "Ecvalot" {Will- Regen+ Int+5
                  | Archmagi}
  2222 | D:3      | Found a runed translucent door.
  2223 | D:3      | Noticed Crazy Yiuf
  2357 | D:3      | Killed Crazy Yiuf
  2794 | D:4      | Found a hazy altar of Hepliaklqana.
  2824 | D:4      | Reached XP level 6. HP: 56/56 MP: 5/5
  2827 | D:4      | Reached skill level 7 in Axes
  3170 | D:4      | Found Himuoh's Antique Weapon Emporium.
  3183 | D:4      | Bought an arbalest for 126 gold pieces
  3279 | D:4      | Reached skill level 1 in Ranged Weapons
  3281 | D:4      | Reached skill level 8 in Axes
  3345 | D:4      | Reached XP level 7. HP: 63/63 MP: 6/6
  3479 | D:4      | Found a staircase to the Ecumenical Temple.
  3767 | D:5      | Entered Level 5 of the Dungeon
  3873 | D:5      | Found a glowing drain.
  3886 | D:5      | Reached *** piety under Trog
  3890 | Sewer    | Entered a sewer
  3890 | Sewer    | Noticed Pargi
  3899 | Sewer    | Killed Pargi
  4610 | D:6      | Reached skill level 9 in Axes
  4610 | D:6      | Reached XP level 8. HP: 71/71 MP: 7/7
  4926 | D:6      | Found an opulent altar of Gozag.
  4978 | D:6      | Found a white marble altar of Elyvilon.
  5366 | D:6      | Reached skill level 5 in Ranged Weapons
  5381 | D:6      | Reached skill level 10 in Axes
  5744 | D:7      | Found a transporter.
  5819 | D:7      | Found a transporter.
  5828 | D:7      | Reached XP level 9. HP: 81/81 MP: 8/8
  5837 | D:7      | Reached skill level 11 in Axes
  6081 | D:7      | Reached **** piety under Trog
  6620 | D:8      | HP: 2/76 [wight/+0 halberd (3)]
  6998 | D:8      | Found a snail-covered altar of Cheibriados.
  6998 | D:8      | Found a radiant altar of Vehumet.
  7133 | D:8      | Found a glowing silver altar of Zin.
  7293 | D:8      | Reached skill level 12 in Axes
  7568 | D:9      | Reached XP level 10. HP: 50/91 MP: 9/9
  7805 | D:9      | Found a staircase to the Orcish Mines.
  7816 | D:9      | Found a viscous altar of Jiyva.
  7922 | Orc:1    | Entered Level 1 of the Orcish Mines
  8722 | D:9      | Found a sparkling altar of Nemelex Xobeh.
  8727 | D:9      | Identified the +0 ring mail of Peek-a-Boo {Rampage rPois
                  | rC- rCorr}
  8768 | D:9      | Reached skill level 13 in Axes
  8937 | D:9      | Reached skill level 10 in Ranged Weapons
  8981 | D:9      | Reached skill level 10 in Fighting
  9311 | D:9      | Noticed a gargoyle
  9319 | D:9      | Killed a gargoyle
  9666 | D:9      | Reached XP level 11. HP: 53/100 MP: 10/10
 10011 | D:9      | Found a bloodstained altar of Trog.
 10038 | D:9      | Reached skill level 14 in Axes
 10172 | D:9      | Found a sacrificial altar of Ru.
 10177 | D:9      | Found a glowing golden altar of the Shining One.
 10387 | D:9      | Found a faded altar of an unknown god.
 10741 | D:9      | Identified the +4 long sword of Indignation {heavy, +Blink
                  | Dex+3 Stlth+}
 10749 | D:9      | Identified the +2 fire dragon scales of Qauneok {rF++ rC-
                  | Dex+5}
 10858 | D:10     | Entered Level 10 of the Dungeon
 11185 | D:10     | Noticed a cyan ugly thing
 11197 | D:10     | Killed a cyan ugly thing
 12192 | D:10     | Found a staircase to the Lair.
 13368 | Lair:1   | Entered Level 1 of the Lair of Beasts
 13368 | Lair:1   | Noticed a boulder beetle
 13379 | Lair:1   | Killed a boulder beetle
 13452 | Lair:1   | Reached skill level 15 in Axes
 13631 | Lair:1   | Noticed a catoblepas
 13648 | Lair:1   | Killed a catoblepas
 14133 | Lair:1   | Reached XP level 12. HP: 110/110 MP: 11/11
 14830 | Lair:2   | Reached skill level 16 in Axes
 15789 | Lair:2   | Noticed a death yak
 15792 | Lair:2   | Noticed a death yak
 16406 | Lair:2   | Reached skill level 17 in Axes
 16814 | Lair:1   | Killed a death yak
 16999 | Lair:1   | Killed a death yak
 17906 | Lair:3   | Noticed a five-headed hydra
 17916 | Lair:3   | Killed a two-headed hydra
 17917 | Lair:3   | Reached XP level 13. HP: 94/119 MP: 12/12
 18188 | Lair:3   | Identified the +0 cloak "Gullaj" {+Inv Str+3}
 18209 | Lair:3   | Found a frozen archway.
 18238 | IceCv    | Entered an ice cave
 19246 | IceCv    | Reached skill level 15 in Ranged Weapons
 19972 | Lair:3   | Reached skill level 18 in Axes
 20132 | Lair:3   | Found a staircase to the Shoals.
 20197 | Lair:3   | Found a staircase to the Snake Pit.
 20332 | Lair:3   | Identified the +6 falchion of Rozir {freeze, Stlth+}
 21331 | Lair:4   | Identified the ring of the Scavenger {Will+ Slay+4}
 21715 | Lair:4   | Noticed Urug
 21719 | Lair:4   | Reached ***** piety under Trog
 21737 | Lair:4   | Killed Urug
 22354 | Lair:4   | Found a staircase to the Slime Pits.
 22384 | Lair:4   | Found a viscous altar of Jiyva.
 23013 | Lair:5   | Entered Level 5 of the Lair of Beasts
 23383 | Lair:5   | Reached XP level 14. HP: 118/130 MP: 13/13
 23388 | Lair:5   | Reached skill level 19 in Axes
 25309 | Lair:5   | Reached skill level 20 in Axes
 25900 | D:11     | Reached skill level 1 in Throwing
 25912 | D:11     | Reached skill level 1 in Evocations
 25979 | D:11     | Received a gift from Trog
 26973 | D:12     | Reached skill level 15 in Fighting
 27352 | D:12     | Noticed Fannar
 27364 | D:12     | Killed Fannar
 27880 | D:12     | Noticed Frances
 27890 | D:12     | Killed Frances
 28270 | D:12     | Reached XP level 15. HP: 141/141 MP: 4/14
 28917 | D:12     | Noticed Erolcha
 28924 | D:12     | Killed Erolcha
 31051 | D:14     | Reached skill level 5 in Armour
 31278 | D:14     | Found a gate to the Vaults.
 31714 | D:14     | Found an ancient bone altar of Kikubaaqudgha.
 31761 | D:14     | Found a runed translucent gate.
 31761 | D:14     | Found a runed translucent gate.
 31761 | D:14     | Found a runed translucent gate.
 32126 | D:14     | Reached skill level 5 in Evocations
 32126 | D:14     | Reached XP level 16. HP: 150/150 MP: 5/15
 32218 | D:14     | Upgraded the game from 0.31-a0-1165-g196b491b36 to
                  | 0.31-a0-1172-g9944ec47dd
 32614 | D:14     | Found a runed translucent gate.
 32614 | D:14     | Found a runed translucent gate.
 32621 | D:14     | Noticed Caupytet's ghost (weakling FoFi)
 32622 | D:14     | Found a runed translucent gate.
 33385 | D:14     | Killed Caupytet's ghost
 33598 | D:14     | Gained mutation: Your magical capacity is low. (-10% MP) [a
                  | neqoxec]
 33617 | D:14     | Identified the +1 cloak of Valour {Harm rF- Str+2}
 33701 | D:15     | Entered Level 15 of the Dungeon
 33708 | D:15     | Reached skill level 5 in Throwing
 35152 | D:15     | Noticed Josephine
 35161 | D:15     | Killed Josephine
 36011 | D:15     | Found a staircase to the Depths.
 36427 | Snake:1  | Entered Level 1 of the Snake Pit
 36427 | Snake:1  | Found a runed translucent gate.
 36427 | Snake:1  | Found a runed translucent gate.
 36427 | Snake:1  | Found a runed translucent gate.
 36446 | Snake:1  | Reached XP level 17. HP: 47/158 MP: 4/14
 36446 | Snake:1  | Noticed Mlioglotl
 36764 | Lair:3   | Killed Mlioglotl
 36924 | Snake:1  | Noticed Wastoufi's ghost (adept GrFi)
 36950 | Snake:1  | Killed Wastoufi's ghost
 37335 | Snake:1  | Found Ylueppof's Antique Weapon Boutique.
 37439 | Snake:1  | Found Mulaom's Weapon Boutique.
 37439 | Snake:1  | Found Wacimurr's Assorted Antiques.
 37444 | Snake:1  | Found Etzooh's Armour Shop.
 37453 | Snake:1  | Bought a potion of mutation for 240 gold pieces
 37453 | Snake:1  | Bought a scroll of identify for 60 gold pieces
 37453 | Snake:1  | Bought a scroll of identify for 60 gold pieces
 37557 | Snake:1  | You fall into a shaft and drop 1 floor!
 37626 | Snake:2  | Found a transporter.
 37906 | Snake:1  | Received a gift from Trog
 38601 | Snake:1  | Found Natyfam's Needful Niceties.
 38691 | Snake:1  | Identified the ring of the Tempest {Str+5 Dex-2 SInv}
 39615 | Snake:2  | Found a transporter.
 39621 | Snake:2  | Found a transporter.
 39648 | Snake:2  | Found a transporter.
 39656 | Snake:2  | Found a transporter.
 39657 | Snake:2  | Found a transporter.
 39673 | Snake:2  | Found a transporter.
 40159 | Snake:2  | Upgraded the game from 0.31-a0-1172-g9944ec47dd to
                  | 0.31-a0-1178-gc5c9b8f871
 40266 | Snake:2  | Found a transporter.
 40302 | Snake:2  | Identified the +3 sling of Vouvaes {flame, rC++}
 43504 | Snake:3  | Identified the serpent talisman "Raaniher" {rN+ Int+4}
 43504 | Snake:3  | Noticed Aizul
 43513 | Snake:3  | Killed Aizul
 43661 | Snake:3  | Found Oppur's Assorted Antiques.
 43774 | Snake:3  | Found Laadeadi's Antique Armour Emporium.
 44026 | Snake:3  | Found Oplachar's Assorted Antiques.
 44036 | Snake:3  | Bought a scroll labelled EPRUNL BEOBBO for 41 gold pieces
 44729 | Snake:3  | Found Zaloguts's Book Emporium.
 44803 | Snake:4  | Entered Level 4 of the Snake Pit
 44806 | Snake:4  | Lost mutation: Your magical capacity is low. (-10% MP)
                  | [potion of mutation]
 44806 | Snake:4  | Gained mutation: You are dopey. (Int -2) [potion of
                  | mutation]
 44806 | Snake:4  | Gained mutation: Your system is resistant to poisons.
                  | (rPois) [potion of mutation]
 44832 | Snake:4  | Found Rofyl's Antique Armour Shop.
 45260 | Snake:4  | Found Orphon's Assorted Antiques.
 45262 | Snake:4  | Found Vaduarch's Magic Scroll Shop.
 45279 | Snake:4  | Bought a scroll of blinking for 135 gold pieces
 45279 | Snake:4  | Bought a scroll of blinking for 135 gold pieces
 45281 | Snake:4  | Bought a masterwork cloak for 361 gold pieces
 45281 | Snake:4  | Identified the +2 cloak "Saodud" {Rampage ^Drain Int+3
                  | Dex+3} (You bought it in a shop on level 4 of the Snake
                  | Pit)
 45310 | Snake:4  | Found a large runed translucent door.
 45311 | Snake:4  | Found a large runed translucent door.
 45312 | Snake:4  | Noticed Unna's ghost (adept DsNe)
 45328 | Snake:4  | Killed Unna's ghost
 45825 | Snake:4  | Reached skill level 21 in Axes
 46101 | Snake:4  | Found Dix Waut's Jewellery Shoppe.
 46111 | Snake:4  | Bought an amulet of reflection for 510 gold pieces
 46304 | Snake:4  | Reached skill level 10 in Armour
 46415 | Snake:4  | Reached XP level 18. HP: 110/170 MP: 17/17
 53629 | Snake:4  | Got a serpentine rune of Zot
 53875 | Shoals:1 | Entered Level 1 of the Shoals
 54826 | Shoals:2 | Reached skill level 10 in Dodging
 55036 | Shoals:2 | Found Vapneusa's General Store.
 55122 | Shoals:2 | Noticed Nikola
 55159 | Shoals:2 | Killed Nikola
 55616 | Shoals:1 | Found Luerrue's Jewellery Shop.
 55878 | Shoals:1 | Found Kont's Assorted Antiques.
 56050 | Shoals:1 | Found Emeemiu's Distillery.
 56163 | Shoals:1 | Bought a potion of might for 52 gold pieces
 56163 | Shoals:1 | Bought a potion of curing for 39 gold pieces
 56163 | Shoals:1 | Bought a potion of heal wounds for 65 gold pieces
 56163 | Shoals:1 | Bought 2 potions of curing for 78 gold pieces
 56498 | Shoals:1 | Found Pusm's Armour Shop.
 57187 | Shoals:3 | Noticed Roxanne
 57187 | Shoals:3 | Noticed Mara
 57711 | Shoals:3 | Killed Mara
 58522 | Shoals:3 | Found Equr's Book Boutique.
 58542 | Shoals:3 | Found a runed translucent gate.
 58543 | Shoals:3 | Found a runed translucent gate.
 58547 | Shoals:3 | Found a runed translucent gate.
 58572 | Shoals:3 | Reached skill level 22 in Axes
 59344 | Shoals:3 | Identified the +6 ring mail "Hal Daa" {*Corrode +Blink
                  | Stlth+}
 59746 | Shoals:4 | Entered Level 4 of the Shoals
 60446 | Shoals:4 | Identified the amulet of Itemyv {Faith +Blink rElec Slay-2}
 60721 | Shoals:4 | HP: 1/172 [merfolk impaler/+1 demon trident of freezing
                  | (11)]
 60721 | Shoals:4 | Slain by a merfolk impaler

Illustrated notes

Levels and vault maps discovered:
D:1:      wander_arrival_peaceful_grave, layout_basic
D:2:      layout_basic, minmay_misc_feat_four_crosses,
          kennysheep_generic_room_11
D:3:      layout_basic, nicolae_ecumenical_pavilion, uniq_crazy_yiuf_cottage
D:4:      layout_loops_corners, lemuel_round_altar,
          minmay_temple_entry_gardened_gates, serial_shops,
          nicolae_shop_tiny_waterfront
D:5:      layout_basic, portal_sewer_entry_f, st_stairs_2
D:6:      layout_loops_corners, mainiacjoe_overflow_tiny_flanked,
          lemuel_crystal_altar
D:7:      gammafunk_cloud_chamber, layout_basic, serial_demonic,
          serial_demonic_a, serial_demonic_f, serial_demonic_e,
          serial_demonic_d, serial_demonic_d, serial_demonic_a,
          kennysheep_generic_room_8
D:8:      layout_loops_ring, mainiacjoe_overflow_surrounded_room,
          nicolae_overflow_two_pavilions
D:9:      regret_index_infernal_bastille, layout_cave_pools, trog_book,
          mainiacjoe_overflow_big_doors, lemuel_crystal_altar, orc_0_dummy,
          jiyva_altar_1
D:10:     wad_pebble_path, layout_basic, grunt_lair_entry_orc_guard_hut
D:11:     layout_loops_ring
D:12:     minmay_triangles_in_corner, layout_layer_cave, uniq_fannar,
          uniq_erolcha, uniq_frances
D:13:     layout_basic, grunt_ogre_cave, minivault_11, minmay_misc_feat_plants
D:14:     layout_grid_maze, grunt_vaults_entry_tiered,
          ploomutoo_gammafunk_ghost_potion_laboratory, kiku_gazebo_garden_becter
D:15:     hellmonk_depths_entry_around_the_bend, layout_loops_ring,
          minivault_27, uniq_josephine
Lair:1:   layout_cave_pods, chequers_serial_rivers_small_a
Lair:2:   layout_cave_pods, eino_small_chamber_without_monster
Lair:3:   layout_gridlike, minmay_shoals_entry_lonely_mermaid,
          guppyfry_snake_entry_garden, portal_ice_cave_demonic_guard
Lair:4:   layout_roguey, nicolae_slime_entry_field_trip, grunt_megastairs_5,
          uniq_urug
Lair:5:   evilmike_catoblepas_cave, layout_misc_corridors
Shoals:1: layout_shoals, serial_shops, nicolae_shop_trees, shop,
          nicolae_shop_back_alley_shop, nicolae_shop_tiny_statue_garden,
          nicolae_shoals_lost_giant_pillars
Shoals:2: layout_shoals, serial_shops, shop, abandoned_shop,
          nicolae_shoals_dead_sea_scrolls, uniq_nikola
Shoals:3: layout_shoals, serial_shops, nicolae_shop_real_fake_doors,
          nicolae_shoals_beach_cooler, uniq_roxanne, uniq_mara
Shoals:4: shoals_end_grunt_garden, layout_shoals
Snake:1:  layout_grid_shapes, gammafunk_ghost_necromancy,
          nicolae_alphabet_shops, serial_bayou_shore_a, minmay_shoptagon,
          serial_bayou_shore_b, grunt_megastairs_4, serial_bayou_shore_b,
          uniq_mlioglotl
Snake:2:  gammafunk_the_bubble [the_bubble_gammafunk_split], layout_rooms,
          serial_nicolae_subway, nicolae_sub_station_metal,
          nicolae_sub_station_stone, nicolae_sub_station_crystal
Snake:3:  layout_grid_shapes, serial_shops, shop,
          nicolae_shop_tiny_statue_garden, nicolae_shop_dealshenge,
          nicolae_shop_tiny_real_fake_doors, nicolae_large_snake_swirl,
          uniq_aizul
Snake:4:  snake_pit_salamanders_mu, layout_onion, serial_shops, shop, shop,
          shop, shop, ebering_ghost_disaster_area
Orc:1:    layout_diamond_mine, basic_altar, serial_shops,
          nicolae_shop_tiny_real_fake_doors

Skill      XL: |  1  2  3  4  5  6  7  8  9 10 11 12 13 14 15 16 17 18 |
---------------+-------------------------------------------------------+-----
Axes           | 4 5 6 8 9 10 12 13 15 17 18 20 21 22 | 22.2
Fighting       | 4 5 6 7 9 10 11 12 13 15 16 17 18 | 18.1
Ranged Weapons | 1 3 6 8 10 12 14 16 17 18 | 18.0
Throwing       | 2 4 5 6 |  6.5
Evocations     | 2 5 6 8 9 |  9.2
Armour         | 4 6 7 10 12 | 12.7
Dodging        | 6 7 9 10 | 10.7

Action                     |  1- 3 |  4- 6 |  7- 9 | 10-12 | 13-15 | 16-18 || total
---------------------------+-------+-------+-------+-------+-------+-------++-------
  Melee: Hand axe          |    43 |    42 |       |       |       |       ||    85
         Headbutt          |     5 |    13 |    37 |    75 |   143 |   111 ||   384
         Punch             |     1 |       |       |       |       |       ||     1
         Quarterstaff      |       |    54 |   176 |       |       |       ||   230
         Battleaxe         |       |       |    11 |   306 |   565 |   196 ||  1078
         Scimitar          |       |       |       |     3 |       |       ||     3
         Eveningstar       |       |       |       |       |     4 |       ||     4
         Dire flail        |       |       |       |       |       |     1 ||     1
         Executioner's axe |       |       |       |       |       |   344 ||   344
   Fire: Sling             |    62 |    38 |       |       |       |       ||   100
         Arbalest          |       |     9 |    90 |   185 |   241 |   640 ||  1165
  Throw: Javelin           |       |       |     8 |    10 |       |       ||    18
         Dart              |       |       |       |     3 |       |       ||     3
         Boomerang         |       |       |       |       |     6 |     5 ||    11
 Invoke: Berserk           |     1 |     2 |     5 |    12 |    10 |    25 ||    55
         Trog's Hand       |       |     2 |     7 |    12 |    23 |    19 ||    63
         Brothers in Arms  |       |       |       |       |       |     1 ||     1
  Evoke: Wand              |       |       |       |     2 |     5 |    16 ||    23
         Tin of tremorston |       |       |       |       |       |     4 ||     4
    Use: Scroll            |       |     8 |     3 |    13 |    16 |    18 ||    58
         Potion            |       |       |     2 |     2 |     1 |    10 ||    15
   Stab: Paralysed         |       |       |     1 |       |       |       ||     1
         Petrified         |       |       |       |     4 |     3 |       ||     7
         Invisible         |       |       |       |       |       |     1 ||     1
 Armour: Animal skin       |    20 |       |       |       |       |       ||    20
         Ring mail         |     9 |    75 |   126 |   140 |    16 |       ||   366
         Plate armour      |       |       |   157 |   148 |    42 |   237 ||   584
         Fire dragon scale |       |       |       |    50 |       |   105 ||   155
         Crystal plate arm |       |       |       |       |   560 |   473 ||  1033
  Dodge: Dodged            |    32 |    45 |   177 |   202 |   171 |   334 ||   961
         Repelled          |       |       |     2 |     4 |       |    19 ||    25
  Block: Other             |       |       |       |       |       |    77 ||    77
         Reflection        |       |       |       |       |       |    16 ||    16

Table legend: (Time is in decaauts)
 A = Elapsed time spent in this place.
 B = Non-inter-level travel time spent in this place.
 C = Inter-level travel time spent in this place.
 D = Time resting spent in this place.
 E = Time spent auto-exploring this place.
 F = Levels seen in this place.
 G = Mean time per level.
                   A        B        C        D        E       F      G
               +--------+--------+--------+--------+--------+-----+--------+
         Total |  61692 |  60246 |   1446 |  33584 |  18833 |  31 | 1990.1 |
       Dungeon |  24289 |  23619 |    670 |   9139 |  11136 |  15 | 1619.3 |
          Lair |  11324 |  10986 |    338 |   5879 |   3610 |   5 | 2264.8 |
        Shoals |   7193 |   7059 |    134 |   4426 |   1714 |   4 | 1798.2 |
     Snake Pit |  17106 |  16804 |    302 |  13096 |   2076 |   4 | 4276.5 |
  Orcish Mines |     21 |     21 |      0 |      0 |      0 |   1 |   21.0 |
         Sewer |    159 |    159 |      0 |      6 |      0 |   1 |  159.0 |
      Ice Cave |   1599 |   1599 |      0 |   1037 |    296 |   1 | 1599.0 |
               +--------+--------+--------+--------+--------+-----+--------+

Top non-repeatable levels by time:
 Snake:4: 8982 daAuts
 Snake:3: 4268 daAuts
     D:9: 3396 daAuts
    D:14: 2955 daAuts
Shoals:3: 2948 daAuts
  Lair:2: 2777 daAuts
  Lair:4: 2659 daAuts
    D:10: 2609 daAuts
    D:15: 2542 daAuts
  Lair:5: 2523 daAuts
    D:12: 2384 daAuts
 Snake:1: 2220 daAuts
Shoals:1: 2172 daAuts
  Lair:1: 1820 daAuts
Shoals:2: 1712 daAuts
